 Dungeon Crawl Stone Soup version 0.30-a0-162-g2ba88f6271 (webtiles) character file.

Game seed: 16606916470358730743

6961 Essalna the Fighter (level 10, -1/85 HPs)
             Began as a Demonspawn Berserker on Sept 28, 2022.
             Was an Elder of Trog.
             Slain by a troll (8 damage)
             ... on level 11 of the Dungeon on Oct 5, 2022.
             The game lasted 00:16:20 (12164 turns).

Essalna the Fighter (Demonspawn Berserker)         Turns: 12164, Time: 00:16:21

Health: -1/85      AC: 14    Str: 28    XL:     10   Next: 81%
Magic:  10/10      EV: 13    Int:  8    God:    Trog [****..]
Gold:   549        SH:  5    Dex: 19    Spells: 9/9 levels left

rFire   . . .      SeeInvis .    p - +3 woodcutter's axe {vorpal}
rCold   . . .      Faith    .    (shield currently unavailable)
rNeg    . . .      Spirit   .    l - +0 ring mail
rPois   .          Reflect  +    e - +0 helmet
rElec   .          Harm     .    (no cloak)
rCorr   .          Rampage  .    (no gloves)
Will    .....                    o - +2 pair of boots
Stlth   +.........               M - amulet of reflection
HPRegen 0.24/turn                r - +6 ring of strength
MPRegen 0.12/turn                F - +6 ring of dexterity

@: no status effects
A: hooves 1, slimy green scales 2, demonic guardian 1
a: Renounce Religion, Berserk, Trog's Hand, Brothers in Arms


You were on level 11 of the Dungeon.
You worshipped Trog.
Trog was greatly pleased with you.
You visited 1 branch of the dungeon, and saw 11 of its levels.

You collected 549 gold pieces.

Inventory:

Hand Weapons
 a - a +0 hand axe
 c - a +0 whip of electrocution
 f - a +4 battleaxe
 p - the +3 woodcutter's axe (weapon) {vorpal}
   (You found it on level 7 of the Dungeon)

   It inflicts extra damage upon your enemies.
 q - a +1 war axe
Armour
 b - a +0 animal skin
 e - a +0 helmet (worn)
 l - a +0 ring mail (worn)
 o - a +2 pair of boots (worn)
Jewellery
 r - a +6 ring of strength (left hand)
 u - a ring of protection from cold
 w - a ring of protection from cold
 y - a ring of magical power
 F - a +6 ring of dexterity (right hand)
 K - a +4 ring of slaying
 M - an amulet of reflection (around neck)
 N - a ring of flight
Wands
 D - a wand of digging (7)
 J - a wand of polymorph (4)
 L - a wand of quicksilver (4)
 O - a wand of flame (13)
Scrolls
 g - 7 scrolls of identify
 i - 8 scrolls of teleportation
 k - 4 scrolls of enchant weapon
 v - 3 scrolls of fear
 x - 2 scrolls of summoning
 E - 3 scrolls of noise {unknown}
 G - a scroll of amnesia {unknown}
 P - a scroll of acquirement {unknown}
 Q - a scroll of enchant armour {unknown}
 R - 2 scrolls of blinking
Potions
 d - a potion of mutation
 h - 7 potions of curing {unknown}
 j - 3 potions of flight {unknown}
 m - 2 potions of ambrosia {unknown}
 n - 6 potions of degeneration {unknown}
 s - 3 potions of might {unknown}
 t - 2 potions of attraction {unknown}
 z - 2 potions of magic {unknown}
 A - a potion of brilliance {unknown}
 B - 4 potions of heal wounds {unknown}
 C - a potion of berserk rage {unknown}
 H - a potion of invisibility {unknown}
 I - a potion of haste


   Skills:
 + Level 10.2 Fighting
 + Level 8.9 Axes
 + Level 8.7 Armour
 - Level 4.0 Dodging


You had 9 spell levels left.
You didn't know any spells.
Your spell library was empty.

Dungeon Overview and Level Annotations

Branches:
Dungeon (11/15)            Temple (0/1) D:5            Lair (0/5) D:8
    Orc: D:9-12

Altars:
Dithmenos
Gozag
Nemelex Xobeh
Okawaru
Ru
Uskayaw
Vehumet
Wu Jian
Xom
Yredelemnul

Shops:
D:11 =

Annotations:
D:3 3 runed translucent doors, philipeq's ghost, amateur DsFi


Innate Abilities, Weirdness & Mutations

You have large cloven feet.
You are mostly covered in slimy green scales. (AC +3)
A weak demonic guardian rushes to your aid.


Message History

The troll barely misses you. x2; The troll misses you.
Your ufetubus closely misses the troll. x2
Your ufetubus barely misses the troll.
Your ufetubus hits the troll. The troll closely misses you.
The troll claws you. The troll claws you but does no damage.
Your ufetubus disappears in a puff of smoke!
The troll closely misses you. The troll barely misses you. The troll claws you!
The troll barely misses you. You block the troll's attack.
The troll barely misses you. The troll bites you!
* * * LOW HITPOINT WARNING * * *
The troll claws you.
* * * LOW HITPOINT WARNING * * *
The troll claws you but does no damage.
You block the troll's attack. x2; The troll barely misses you.
The troll bites you.
* * * LOW HITPOINT WARNING * * *
The troll claws you but does no damage. The troll claws you.
* * * LOW HITPOINT WARNING * * *
A demonic guardian appears!
Your ufetubus closely misses the troll. x2; The troll bites you.
* * * LOW HITPOINT WARNING * * *
The troll barely misses you. x2
Your ufetubus closely misses the troll.
Your ufetubus barely misses the troll.
Your ufetubus hits the troll but does no damage.
Your ufetubus barely misses the troll.
The troll bites you but does no damage.
The troll claws you but does no damage. x2
Your ufetubus closely misses the troll.
Your ufetubus hits the troll. You block the troll's attack.
The troll barely misses you. The troll closely misses you.
Your ufetubus barely misses the troll.
Your ufetubus hits the troll.
The troll closely misses you. x3; Your ufetubus closely misses the troll.
Your ufetubus hits the troll. Your ufetubus hits the troll.
Your ufetubus barely misses the troll.
The troll bites you but does no damage. You block the troll's attack.
The troll claws you!
* * * LOW HITPOINT WARNING * * *
A demonic guardian appears!
Your ufetubus barely misses the troll. x2; The troll bites you!
You die...

#....# #....# #....#
#....# #....#
####'###################
..................>.....
...........## #.5......#
...........# #5@......#
...........# #.T......#
...........# #........#
...........# #........#
...........####.......$#
................).......
########################


You could see a troll (ally target), a friendly shadow imp (summoned) and a
friendly ufetubus (summoned).

Vanquished Creatures
  Erolcha (D:10)
  A two-headed ogre (D:8)
  A boulder beetle (D:8)
  A komodo dragon (D:8)
  2 trolls
  3 shadows
  A vampire (D:9)
  3 wyverns
  A water moccasin (D:7)
  An ice beast (D:7)
  3 orc warriors
  An ogre (D:5)
  A centaur (D:9)
  3 phantoms
  A kobold brigand (D:6)
  2 bullfrogs
  2 gnoll sergeants
  3 necrophages (D:7)
  2 scorpions (D:5)
  A water moccasin zombie (D:7)
  8 wights (D:7)
  3 killer bees (D:8)
  A bullfrog zombie (D:7)
  2 hounds (D:6)
  A quasit (D:7)
  A centaur zombie (D:7)
  A human zombie (D:7)
  4 orc priests
  8 iguanas
  7 orc wizards
  A mummy (D:7)
  A howler monkey zombie (D:7)
  19 gnolls
  12 adders
  4 shadow imps
  3 white imps (D:7)
  3 ufetubi
  3 dart slugs
  31 orcs
  5 ball pythons
  11 endoplasms
  4 giant cockroaches
  7 goblins
  4 hobgoblins
  9 kobolds
  3 quokkas
  7 bats
  5 frilled lizards
  3 rats
205 creatures vanquished.

Vanquished Creatures (collateral kills)
  An ogre (D:5)
  A necrophage (D:5)
  An orc wizard (D:5)
  4 orcs
7 creatures vanquished.

Vanquished Creatures (others)
  3 demonic plants (D:7)
  4 plants (D:8)
7 creatures vanquished.

Grand Total: 219 creatures vanquished

Notes
Turn   | Place    | Note
-------+----------+-------------------------------------------
     0 | D:1      | Essalna the Demonspawn Berserker began the quest for the
                  | Orb.
     0 | D:1      | Reached XP level 1. HP: 18/18 MP: 1/1
   421 | D:1      | Gained mutation: You are partially covered in slimy green
                  | scales. (AC +2) [demonic ancestry]
   421 | D:1      | Reached XP level 2. HP: 24/24 MP: 2/2
   606 | D:1      | Found a faded altar of an unknown god.
   625 | D:1      | Gained mutation: A weak demonic guardian rushes to your
                  | aid. [demonic ancestry]
   625 | D:1      | Reached XP level 3. HP: 21/29 MP: 3/3
  1298 | D:2      | Reached ** piety under Trog
  1299 | D:2      | Reached skill level 4 in Fighting
  1554 | D:2      | Reached XP level 4. HP: 33/37 MP: 4/4
  1749 | D:2      | Found an iron altar of Okawaru.
  2233 | D:3      | You fall into a shaft and drop 1 floor!
  2298 | D:4      | Gained mutation: You have large cloven feet. [demonic
                  | ancestry]
  2298 | D:4      | Reached XP level 5. HP: 41/43 MP: 5/5
  2402 | D:3      | Found a hide-covered altar of Uskayaw.
  2755 | D:3      | Found a shimmering altar of Xom.
  2913 | D:3      | Found a runed translucent gate.
  2913 | D:3      | Found a runed translucent gate.
  2913 | D:3      | Found a runed translucent gate.
  2914 | D:3      | Found an opulent altar of Gozag.
  2915 | D:3      | Noticed philipeq's ghost (amateur DsFi)
  2915 | D:3      | Noticed a black bear
  3189 | D:4      | Found a sparkling altar of Nemelex Xobeh.
  3700 | D:4      | Reached skill level 5 in Fighting
  4175 | D:5      | Entered Level 5 of the Dungeon
  4215 | D:5      | Gained mutation: You are mostly covered in slimy green
                  | scales. (AC +3) [demonic ancestry]
  4215 | D:5      | Reached XP level 6. HP: 26/51 MP: 6/6
  4446 | D:5      | Reached *** piety under Trog
  4701 | D:5      | Reached XP level 7. HP: 17/57 MP: 7/7
  5074 | D:5      | Found a staircase to the Ecumenical Temple.
  5096 | D:5      | Reached skill level 6 in Fighting
  5217 | D:5      | Reached skill level 5 in Axes
  5614 | D:5      | Reached skill level 5 in Armour
  5614 | D:5      | Reached XP level 8. HP: 65/65 MP: 8/8
  6241 | D:6      | Reached skill level 7 in Fighting
  6829 | D:6      | Identified the +5 arbalest "Sautid" {flame, +Blink Int+5}
  6900 | D:6      | Reached **** piety under Trog
  7047 | D:6      | Found a shadowy altar of Dithmenos.
  7048 | D:6      | Found an ornate altar of the Wu Jian Council.
  7565 | D:7      | Reached XP level 9. HP: 21/72 MP: 9/9
  7830 | D:7      | Found a basalt altar of Yredelemnul.
  7837 | D:7      | Reached skill level 8 in Fighting
  8205 | D:7      | Found the +3 woodcutter's axe {vorpal}
  8557 | D:7      | Found an opulent altar of Gozag.
  8779 | D:8      | Noticed a two-headed ogre
  8783 | D:8      | Killed a two-headed ogre
  9095 | D:8      | Found a staircase to the Lair.
  9608 | D:8      | Noticed a boulder beetle
  9614 | D:8      | Killed a boulder beetle
  9615 | D:8      | Reached skill level 9 in Fighting
  9615 | D:8      | Reached XP level 10. HP: 76/83 MP: 10/10
 10086 | D:9      | Found a sacrificial altar of Ru.
 10168 | D:9      | Found a radiant altar of Vehumet.
 11146 | D:10     | Entered Level 10 of the Dungeon
 11425 | D:10     | Noticed Erolcha
 11433 | D:10     | Killed Erolcha
 11434 | D:10     | Reached skill level 10 in Fighting
 12044 | D:11     | Found Toehog's Jewellery Shoppe.
 12164 | D:11     | Slain by a troll

Illustrated notes

Levels and vault maps discovered:
D:1:      lemuel_arrival_cross, layout_basic, nicolae_ecumenical_snake_handling
D:2:      layout_loops_cross, basic_altar
D:3:      layout_rooms, mainiacjoe_overflow_paths, nicolae_uskayaw_dance_hall,
          ebering_ghost_gozag
D:4:      layout_loops_corners, zin_academy, nemelex_diamond_rough_becter,
          kennysheep_generic_room_12
D:5:      layout_gridville, temple_hall
D:6:      layout_loops_ring, mainiacjoe_overflow_divided_tiny,
          chequers_arboretum
D:7:      layout_loops_ring, lemuel_mausoleum_altar_yredelemnul,
          overflow_temple_1_default, serial_demonic, serial_demonic_c,
          serial_demonic_f, serial_demonic_e, serial_demonic_d
D:8:      layout_loops_corners, lair_entry_dummy, minmay_lizard_king
D:9:      layout_long_grid, lemuel_doored_altar, nicolae_ru_awakened_eye,
          minivault_26
D:10:     layout_basic, mainiacjoe_overflow_alcove_2, uniq_erolcha
D:11:     layout_stronghold, orc_0_dummy, serial_shops, shop_fountains,
          uniq_psyche, uniq_fannar

Skill      XL: |  1  2  3  4  5  6  7  8  9 10 |
---------------+-------------------------------+-----
Axes           | 3 4 5 6 7 8 |  8.9
Fighting       | 4 5 6 7 9 10 | 10.2
Armour         | 2 3 4 5 6 7 8 |  8.7
Dodging        | 4 |  4.0

Action                   |  1- 3 |  4- 6 |  7- 9 | 10-12 || total
-------------------------+-------+-------+-------+-------++-------
Melee: Hand axe          |    18 |       |       |       ||    18
       Whip              |    80 |   127 |       |       ||   207
       War axe           |       |    56 |   191 |       ||   247
       Punch             |       |     1 |     4 |       ||     5
       Battleaxe         |       |       |   116 |    72 ||   188
Invok: Berserk           |       |     2 |     2 |       ||     4
  Use: Scroll            |     2 |     1 |     9 |       ||    12
Armor: Animal skin       |    40 |       |       |       ||    40
       Ring mail         |     3 |    87 |   154 |    44 ||   288
Dodge: Dodged            |    62 |   102 |   184 |    65 ||   413
Block: Other             |       |       |       |    14 ||    14

Table legend: (Time is in decaauts)
 A = Elapsed time spent in this place.
 B = Non-inter-level travel time spent in this place.
 C = Inter-level travel time spent in this place.
 D = Time resting spent in this place.
 E = Time spent auto-exploring this place.
 F = Levels seen in this place.
 G = Mean time per level.
                   A        B        C        D        E       F      G
               +--------+--------+--------+--------+--------+-----+--------+
         Total |  12288 |  11998 |    290 |    226 |  10034 |  11 | 1117.1 |
       Dungeon |  12288 |  11998 |    290 |    226 |  10034 |  11 | 1117.1 |
               +--------+--------+--------+--------+--------+-----+--------+

Top non-repeatable levels by time:
     D:5: 1764 daAuts
     D:6: 1630 daAuts
     D:8: 1302 daAuts
     D:7: 1269 daAuts
     D:4: 1243 daAuts
     D:1: 1132 daAuts
     D:9: 1120 daAuts
     D:2: 1112 daAuts
    D:10: 829 daAuts
     D:3: 695 daAuts
    D:11: 187 daAuts
